 Dungeon Crawl Stone Soup version 0.27.1-1-g398f81649c (webtiles) character file.

Game seed: 4882858457904727800

753 pokedragonboy the Destroyer (level 7, -7/36 HPs)
             Began as a Deep Elf Conjurer on Sept 22, 2021.
             Was an Initiate of Vehumet.
             Mangled by a sixfirhy (8 damage)
             ... summoned by a kobold demonologist
             ... on level 5 of the Dungeon.
             The game lasted 00:11:38 (3897 turns).

pokedragonboy the Destroyer (Deep Elf Conjurer)     Turns: 3897, Time: 00:11:38

Health: -7/36      AC:  4    Str:  4    XL:     7   Next: 49%
Magic:  6/18       EV: 12    Int: 25    God:    Vehumet [......]
Gold:   337        SH:  0    Dex: 13    Spells: 4/18 levels left

rFire    + . .     SeeInvis .   s - +3 short sword (venom)
rCold    + . .     Faith    .   (no shield)
rNeg     . . .     Spirit   .   a - +0 robe
rPois    .         Reflect  .   (no helmet)
rElec    .         Harm     .   j - scarf {rC+ rF+}
rCorr    .         Rampage  .   c - +1 pair of gloves
Will     .....                  (no boots)
Stlth    ++........             d - amulet of magic regeneration
HPRegen  0.12/turn              l - ring of wizardry
MPRegen  0.41/turn              (no ring)

@: mighty
A: no striking features
a: Renounce Religion


You were on level 5 of the Dungeon.
You worshipped Vehumet.
Vehumet was noncommittal.
You visited 2 branches of the dungeon, and saw 6 of its levels.

You collected 337 gold pieces.

Inventory:

Hand Weapons
 s - a +3 short sword of venom (weapon)
Armour
 a - a +0 robe (worn)
 c - a +1 pair of gloves (worn)
 j - a scarf of resistance (worn)
Jewellery
 d - an amulet of magic regeneration (around neck)
 l - a ring of wizardry (left hand)
Wands
 b - a wand of iceblast (6)
 f - a wand of acid (18)
Scrolls
 g - a scroll of identify {unknown}
 h - a scroll of fear {unknown}
 m - a scroll of silence {unknown}
 n - 2 scrolls of teleportation {unknown}
 o - a scroll of enchant armour
Potions
 e - 2 potions of curing {unknown}
 i - 4 potions of might
 k - a potion of ambrosia {unknown}
 q - 2 potions of resistance {unknown}
 r - a potion of haste {unknown}


   Skills:
 - Level 2.4 Dodging
 - Level 2.4 Stealth
 + Level 6.4 Spellcasting
 * Level 8.2 Conjurations
 + Level 4.0 Hexes


You had 4 spell levels left.
You knew the following spells:

 Your Spells              Type           Power      Damage    Failure   Level
a - Magic Dart            Conj           100%       1d8       1%          1
b - Searing Ray           Conj           98%        3d7       1%          2
c - Fulminant Prism       Conj/Hex       19%        3d11      2%          4
d - Dazzling Flash        Conj/Hex       76%        N/A       1%          3
e - Iskenderun's Mystic   Conj/Tloc      28%        2d7       5%          4

Your spell library contained the following spells:

 Spells                   Type           Power      Damage    Failure   Level
 Conjure Flame            Conj/Fire      28%        6-21      1%          3
 Freeze                   Ice            32%        1d5       2%          1
 Hailstorm                Conj/Ice       28%        3d8       5%          4
 Sticky Flame             Conj/Fire      28%        2d5       5%          4
 Frozen Ramparts          Ice            16%        1d3       9%          3
 Ignite Poison            Fire/Tmut/Pois 8%         N/A       9%          3


Dungeon Overview and Level Annotations

Branches:
Dungeon (5/15)             Temple (1/1) D:4

Altars:
Ashenzari
Dithmenos
Elyvilon
Fedhas
Gozag
Hepliaklqana
Kikubaaqudgha
Makhleb
Nemelex Xobeh
Qazlal
Ru
Sif Muna
Trog
Uskayaw
Vehumet
Xom
Zin
The Shining One


Message History

The sixfirhy shocks your fulminant prism.
Your fulminant prism resists.
Your fulminant prism detonates feebly.
The sixfirhy barely misses you.
Casting: Fulminant Prism (dangerous; 2% risk of failure)
Confirm with . or Enter, or press ? or * to list all spells.
Aiming: Searing Ray (safe; 1% risk of failure)
Press: ? - help, Shift-Dir - straight line, f - kobold demonologist
Aim: a kobold demonologist, wielding a +0 dagger and wearing a +0 robe (blind, 76% to hit)
The searing ray hits the kobold demonologist!
The kobold demonologist is moderately wounded. (Press . to maintain the ray.)
The sixfirhy hits you. The sixfirhy shocks you! The sixfirhy hits you!
The sixfirhy shocks you!
* * * LOW HITPOINT WARNING * * *
The kobold demonologist hits you with a +0 dagger.
* * * LOW HITPOINT WARNING * * *
Press: ? - help, v - describe, . - travel
Here: a sixfirhy (summoned)
The floor.
It was a potion of might.
You feel very mighty all of a sudden.
The kobold demonologist is no longer blind.
The kobold demonologist gestures wildly while chanting.
Casting: Searing Ray (safe; 1% risk of failure)
Confirm with . or Enter, or press ? or * to list all spells.
Aiming: Searing Ray (safe; 1% risk of failure)
Press: ? - help, Shift-Dir - straight line, f/p - kobold demonologist
Aim: a kobold demonologist, wielding a +0 dagger and wearing a +0 robe (moderately wounded, 76% to hit)
The searing ray hits the kobold demonologist!
The kobold demonologist is heavily wounded.
The searing ray hits the white imp!
You kill the white imp! (Press . to maintain the ray.)
The kobold demonologist barely misses you.
Unknown command.
The searing ray hits the kobold demonologist.
The kobold demonologist is heavily wounded.
The sixfirhy hits you!
You die...

.#.# #.#.### .....!# ##..#>#.#
#. ........ .. #...#.#.# #.
#55...... #. ##### #3K# #. #...#
#@.# # #.##.#.###.5#######
.###.#....#............#########
........#####.#................#
##.####...#...#......†.....###.#
###.#.###........###)###..
#...###........# #......
##.##..........# #######
#.............#


You could see a kobold demonologist, a sixfirhy (summoned), 2 iron imps and a
white imp (summoned).

Vanquished Creatures
  An ice beast (D:5)
  A black bear (D:5)
  3 ogres (D:4)
  A hound (D:5)
  A bullfrog skeleton (D:4)
  2 iguanas (D:5)
  An orc wizard (D:3)
  2 hound skeletons
  6 gnolls
  3 adders
  2 worms
  4 dart slugs
  3 orcs (D:3)
  5 ball pythons
  5 bats
  6 endoplasms
  5 giant cockroaches
  5 goblins
  8 hobgoblins
  2 kobolds (D:3)
  2 quokkas
  5 frilled lizards
  2 rats
75 creatures vanquished.

Vanquished Creatures (others)
  A fulminant prism (D:5)
1 creature vanquished.

Grand Total: 76 creatures vanquished

Notes
Turn   | Place    | Note
-------+----------+-------------------------------------------
     0 | D:1      | pokedragonboy the Deep Elf Conjurer began the quest for the
                  | Orb.
     0 | D:1      | Reached XP level 1. HP: 10/10 MP: 6/6
   141 | D:1      | Reached XP level 2. HP: 15/15 MP: 2/8
   144 | D:1      | Learned a level 2 spell: Searing Ray
   692 | D:2      | Reached skill level 5 in Conjurations
   739 | D:2      | Found a faded altar of an unknown god.
   752 | D:2      | Reached XP level 3. HP: 19/19 MP: 5/10
   968 | D:2      | Reached XP level 4. HP: 24/24 MP: 8/12
  1491 | D:3      | Reached skill level 6 in Conjurations
  1624 | D:3      | Found an opulent altar of Gozag.
  1711 | D:3      | Reached XP level 5. HP: 23/28 MP: 5/13
  1757 | D:3      | Found a blossoming altar of Fedhas.
  1978 | D:4      | Learned a level 4 spell: Fulminant Prism
  1986 | D:4      | Learned a level 3 spell: Dazzling Flash
  2005 | D:4      | Found a staircase to the Ecumenical Temple.
  2012 | Temple   | Entered the Ecumenical Temple
  2128 | Temple   | Became a worshipper of Vehumet
  2167 | D:4      | Noticed an ogre
  2433 | D:4      | Noticed an ogre
  2571 | D:4      | HP: 1/28 [ogre (27)]
  2881 | D:4      | Noticed an ogre
  2888 | D:4      | Killed an ogre
  2889 | D:4      | Reached skill level 5 in Spellcasting
  2889 | D:4      | Reached skill level 1 in Hexes
  3068 | D:4      | Reached XP level 6. HP: 32/32 MP: 11/15
  3377 | D:4      | Reached skill level 7 in Conjurations
  3527 | D:4      | Learned a level 4 spell: Iskenderun's Mystic Blast
  3546 | D:5      | Entered Level 5 of the Dungeon
  3610 | D:5      | Reached XP level 7. HP: 36/36 MP: 13/17
  3717 | D:5      | Reached skill level 8 in Conjurations
  3889 | D:5      | Noticed a kobold demonologist
  3892 | D:5      | Noticed a sixfirhy
  3894 | D:5      | HP: 1/36 [kobold demonologist (3)]
  3897 | D:5      | Mangled by a sixfirhy

Illustrated notes

Levels and vault maps discovered:
D:1:      amcnicky_arrival_single_pillar, layout_loops_ring,
          minmay_small_reverse_x
D:2:      layout_loops_ring, hellmonk_ecumenical_altar_arch_garden,
          hangedman_decor_riveting
D:3:      layout_rooms, amcnicky_altar_gilded, nicolae_gozag_seed_capital
D:4:      layout_basic, minmay_temple_entry_junction
D:5:      layout_loops_ring
Temple:   regret_index_temple_sphere_string

Skill      XL: |  1  2  3  4  5  6  7 |
---------------+----------------------+-----
Conjurations   | 5 6 7 8 |  8.2
Spellcasting   | 4 5 6 |  6.4
Hexes          | 1 3 4 |  4.0
Dodging        | |  2.4
Stealth        | |  2.4

Action                   |  1- 3 |  4- 6 |  7- 9 || total
-------------------------+-------+-------+-------++-------
 Cast: Magic Dart        |    37 |    49 |     9 ||    95
       Searing Ray       |     7 |    24 |     8 ||    39
       Dazzling Flash    |       |     2 |     2 ||     4
       Fulminant Prism   |       |       |     1 ||     1
  Use: Scroll            |       |     2 |       ||     2
       Potion            |       |       |     1 ||     1
Armor: Robe              |     1 |     2 |       ||     3
Dodge: Dodged            |     2 |     6 |     4 ||    12
       Rpst.: Long sword |     2 |       |       ||     2
